[Event "Championnat du monde jeunes U12"]
[Date "2024.11.20"]
[White "Dos Santos, Leonardo Lopes"]
[Black "Krasniqi, Troi"]
[WhiteElo "1930"]
[BlackElo "1610"]
[Round "6.46"]
[Result "1/2-1/2"]
[TimeControl "5400+30"]

1. e4 c5 2. Nf3 d6 3. d4 cxd4 4. Nxd4 Nf6 5. Nc3 Nc6 6. Be2 e5 7. Nf3 Bg4 8. Be3 Be7 9. O-O O-O 10. Re1 Rc8 11. a3 a6 12. h3 Be6 13. Qd2 d5 14. exd5 Nxd5 15. Nxd5 Bxd5 16. Rad1 Be6 17. Qxd8 Rfxd8 18. Rxd8+ Rxd8 19. Bd3 Bf6 20. Bb6 Rd7 21. Be4 Nd4 22. Nxd4 exd4 23. Rd1 Be5 24. Bf3 1/2-1/2

[Variant "Standard"]
[Site "Europe Echecs"]

[Event "Championnat du monde jeunes U12"]
[Date "2024.11.20"]
[White "Yin, Milo"]
[Black "Kraucenka, Justas"]
[WhiteElo "1925"]
[BlackElo "1650"]
[Round "6.47"]
[Result "0-1"]
[TimeControl "5400+30"]

1. e4 e6 2. d3 d5 3. Nd2 dxe4 4. dxe4 b6 5. Bb5+ c6 6. Bd3 Nd7 7. Ngf3 Nc5 8. Be2 Nf6 9. e5 Nfe4 10. O-O Nxd2 11. Bxd2 Qc7 12. Bf4 Bb7 13. c3 Be7 14. Qc2 O-O-O 15. b4 Nd7 16. a4 h6 17. a5 b5 18. a6 Ba8 19. c4 bxc4 20. Bxc4 g5 21. Bg3 h5 22. h4 gxh4 23. Nxh4 Bxh4 24. Bxh4 Rdg8 25.
f4 Rg4 26. g3 Rhg8 27. Kh2 c5 28. Be2 Rxh4+ 29. gxh4 Qd8 0-1

[Variant "Standard"]
[Site "Europe Echecs"]

[Event "Championnat du monde jeunes U12"]
[Date "2024.11.20"]
[White "To, Nam Long"]
[Black "Bundan, Edward"]
[WhiteElo "1608"]
[BlackElo "1905"]
[Round "6.48"]
[Result "0-1"]
[TimeControl "5400+30"]

1. d4 d5 2. Bf4 c5 3. c3 Nf6 4. e3 Nc6 5. Nd2 Bf5 6. Ngf3 Qb6 7. Qb3 c4 8. Qxb6 axb6 9. Be2 b5 10. Ne5 Nxe5 11. dxe5 Nd7 12. Nf3 Nc5 13. O-O Bg4 14. Rfd1 e6 15. h3 Bxf3 16. Bxf3 Be7 17. Be2 O-O 18. f3 Na4 19. Rd2 Nc5 20. Bd1 Bh4 21. Bc2 Rfd8 22. Kh2 Be7 23. Kg1 h6 24. Kf2 Na6 25. Ke2 b4 26. Kf2 bxc3 27. bxc3 g5 28. Bg3 f5 29. Ke2 b5 30. Be1 Nc7 31. g3 Ra3 32. Rdd1 Rda8 33. Bb1 Bc5 34. Bd2 Bb6 35. Be1 b4 36. cxb4 Rxe3+ 37. Kf2 Rd3+ 38. Ke2 Rxd1 39. Kxd1 Bd4 0-1

[Variant "Standard"]
[Site "Europe Echecs"]

[Event "Championnat du monde jeunes U12"]
[Date "2024.11.20"]
[White "Gazzato, Nicolo`"]
[Black "Wang, Yu-Chi Xavier"]
[WhiteElo "1868"]
[BlackElo "1543"]
[Round "6.49"]
[Result "1-0"]
[TimeControl "5400+30"]

1. e4 e5 2. Nf3 Nc6 3. Bc4 Bc5 4. c3 Nf6 5. d4 exd4 6. e5 d5 7. Bb5 Ne4 8. cxd4 Bb6 9. Nc3 O-O 10. O-O Bg4 11. Bxc6 bxc6 12. h3 Bh5 13. Ne2 Bxf3 14. gxf3 Ng5 15. Kg2 Ne6 16. Be3 f5 17. f4 Qh4 18. Qc2 Nd8 19. a4 a5 20. Kh2 g6 21. Rg1 Kf7 22. b3 Qe7 23. Rad1 Ke6 24. Nc1 Kd7 25. Nd3 Ra6 26. Qe2 Ra8 27. Rc1 Ne6 28. Qc2 Nd8 29. Rge1 Ra6 30. Qe2 Ra8 31. Qc2 Ra6 32. f3 Re8 33. Bf2 Qf8 34. Qe2 Ra8 35. Qc2 Re6 36. Qb2 Qe7 37. Rg1 Nf7 38. Be1 Rb8 39. Qf2 Ba7 40. Rb1 Rb7 41. Bxa5 Qf8 42. b4 Qh6 43. b5 cxb5 44. axb5 g5 45. Bd2 Rg6 46. e6+ Rxe6 47. fxg5 Qg7 48. Nc5+ Bxc5 49. dxc5 Qe5+ 50. f4 Qe2 51. c6+ Kd8 52. Qxe2 Rxe2+ 53. Rg2 Rxg2+ 54.
Kxg2 Rb8 55. Bc3 Nd6 56. Bf6+ Ke8 57.
Ra1 Kf8 58. Ra7 Ne8 59. Rb7 Rc8 60. Be5 Ke7 61. Kf2 Kd8 62. Ke3 Ke7 63. Kd4 Nd6 64. b6 Nxb7 65. cxb7 1-0

[Variant "Standard"]
[Site "Europe Echecs"]

[Event "Championnat du monde jeunes U12"]
[Date "2024.11.20"]
[White "Ivarlac, Vladislav"]
[Black "Zutautas, Mantas"]
[WhiteElo "1867"]
[BlackElo "1540"]
[Round "6.50"]
[Result "1-0"]
[TimeControl "5400+30"]

1. Nf3 d5 2. g3 Nf6 3. Bg2 Bf5 4. O-O e6 5. d3 c6 6. b3 Nbd7 7. Nbd2 Be7 8. Bb2 O-O 9. c4 h6 10. Rc1 Qb6 11. e4 dxe4 12. dxe4 Bh7 13. e5 Ne8 14. Ne4 Rd8 15. Qe2 Nc7 16. Rfd1 Na6 17. Nd6 Ndc5 18. Bd4 Bxd6 19. exd6 Rxd6 20. Qe5 Rxd4 21. Qxd4 Nb8 22. Qc3 Ne4 23. Qe3 Nc5 24. Nd4 Nbd7 25. Qc3 Nf6 26. b4 Nce4 27. Qa3 a6 28. c5 Qc7 29. f3 Ng5 30. h4 Nxf3+ 31. Qxf3 Be4 32. Qe3 1-0

[Variant "Standard"]
[Site "Europe Echecs"]

[Event "Championnat du monde jeunes U12"]
[Date "2024.11.20"]
[White "Petrovski, Nikola"]
[Black "Macia Tell, Dario"]
[WhiteElo "1829"]
[BlackElo "1520"]
[Round "6.51"]
[Result "1-0"]
[TimeControl "5400+30"]

1. e4 c5 2. Nf3 d6 3. Bb5+ Nd7 4. c4 g6 5. Nc3 Bg7 6. O-O Nf6 7. d3 O-O 8. h3 e5 9. Be3 a6 10. Ba4 Nb6 11. Bc2 Be6 12. Qd2 Rc8 13. Bh6 Qd7 14. Bxg7 Kxg7 15. Rad1 Rh8 16. Ng5 Rcf8 17. f4 h6 18. Nf3 exf4 19. Qxf4 g5 20. Nxg5 Nh5 21. Qh4 Nf6 22. Rxf6 Kxf6 23. Nh7+ Kg7 24. Nxf8 Rxf8 25. Rf1 f5 26. Nd5 Nxd5 27. cxd5 Bg8 28. exf5 Bxd5 29. f6+ Kh7 30. d4+ Kg8 31. Qxh6 Rf7 32. Qg5+ Kf8 33. Qxd5 Qb5 34. Qxd6+ Kg8 35. Qd8+ Rf8 36. f7+ Kg7 37. Qf6# 1-0

[Variant "Standard"]
[Site "Europe Echecs"]

[Event "Championnat du monde jeunes U12"]
[Date "2024.11.20"]
[White "Kozhedub, Ivan"]
[Black "Huang, Hao-Xuan"]
[WhiteElo "1826"]
[BlackElo "1516"]
[Round "6.52"]
[Result "1-0"]
[TimeControl "5400+30"]

1. e4 e5 2. Nc3 Nf6 3. Bc4 Nc6 4. d3 Bb4 5. Ne2 O-O 6. O-O d6 7. Bg5 h6 8. Bxf6 Qxf6 9. Nd5 Qd8 10. f4 Bc5+ 11. Kh1 Bg4 12. Qe1 Qd7 13. f5 Bxe2 14. Qxe2 Nd4 15. Qh5 c6 16. Nf6+ gxf6 17. Qg6+ Kh8 18. Qxh6+ Kg8 19. Qg6+ Kh8 20. Qxf6+ Kg8 21. Qg5+ Kh7 22. f6 Ne6 23. Bxe6 fxe6 24. Rf3 Kh8 25. Rh3+ Qh7 26. Qg7# 1-0

[Variant "Standard"]
[Site "Europe Echecs"]

[Event "Championnat du monde jeunes U12"]
[Date "2024.11.20"]
[White "Lee, Tsuen Jin Aiesec"]
[Black "Mohd Firdaus, Firast Haiqal"]
[WhiteElo "1806"]
[BlackElo "1514"]
[Round "6.53"]
[Result "1-0"]
[TimeControl "5400+30"]

1. e4 d5 2. exd5 Qxd5 3. Nc3 Qd6 4. d4 Nf6 5. Nf3 c6 6. Bc4 Bg4 7. Be3 e6 8. a3 Be7 9. h3 Bh5 10. g4 Bg6 11. Ne5 Nbd7 12. Nxg6 hxg6 13. Qf3 Nb6 14. Bb3 O-O-O 15. O-O-O Nbd5 16. Nxd5 exd5 17. c4 dxc4 18. Bxc4 Nd5 19. Qxf7 Rdf8 20. Qxg7 Rfg8 21. Qe5 Qxe5 22. dxe5 Nxe3 23. fxe3 Rf8 24. Be6+ Kb8 25. Rd7 Bg5 26. Rg7 Bxe3+ 27. Kb1 g5 28. Rd1 Re8 29. Bc4 Rxe5 30. Rdd7 b5 31. Rb7+ Ka8 32. Bf1 Bb6 33. Bg2 Rc8 34. Rbf7 Bd4 35. Bxc6+ Kb8 36. Rb7+ Ka8 37. Rxa7+ Kb8 38. Ra8# 1-0

[Variant "Standard"]
[Site "Europe Echecs"]

[Event "Championnat du monde jeunes U12"]
[Date "2024.11.20"]
[White "Yusupov, Rauf"]
[Black "Kim, Minwoo"]
[WhiteElo "1763"]
[BlackElo "1501"]
[Round "6.55"]
[Result "1-0"]
[TimeControl "5400+30"]

1. e4 e5 2. Nf3 Nc6 3. Bc4 Bc5 4. O-O d6 5. h3 Nf6 6. d3 Na5 7. Bb3 Nxb3 8. axb3 Be6 9. Nc3 c6 10. Na4 Bb6 11. Nxb6 Qxb6 12. Be3 c5 13. Ng5 O-O 14. f4 exf4 15. Rxf4 h6 16. Nf3 Nh7 17. Nd2 Rfe8 18. Rf3 Qc7 19. Rg3 Kf8 20. Qf3 Qe7 21. Rf1 Rad8 22. Qh5 Qc7 23. Qg6 Ke7 24. Qxh7 Kd7 25. Qxg7 Rg8 26. Rxf7+ Bxf7 27. Qxf7+ Kc6 28. Qd5+ Kd7 29. Rxg8 Rxg8 30. Qxg8 Qa5 31. Qf7+ Kc6 32. Qd5+ Kd7 33. Bf4 Qb6 34. Nc4 Qb4 35. Qxd6+ Ke8 36. Qe6+ Kd8 37. Ne5 a6 38. Nf7# 1-0

[Variant "Standard"]
[Site "Europe Echecs"]

[Event "Championnat du monde jeunes U12"]
[Date "2024.11.20"]
[White "Wang, Luis"]
[Black "Son, Juwon"]
[WhiteElo "1751"]
[BlackElo "1448"]
[Round "6.56"]
[Result "1-0"]
[TimeControl "5400+30"]

1. d4 Nf6 2. Bf4 c5 3. e3 Qb6 4. dxc5 Qxb2 5. Nd2 e5 6. Bg3 Bxc5 7. Bc4 Bb4 8. Nf3 Nc6 9. Rb1 Qc3 10. O-O e4 11. Rb3 exf3 12. Rxc3 fxg2 13. Kxg2 Bxc3 14. Nb1 Be5 15. Bb3 Bxg3 16. hxg3 O-O 17. Rh1 Rd8 18. Nc3 Na5 19. Nd5 Nxd5 20. Bxd5 g6 21. Bxf7+ Kg7 22. Bxg6 hxg6 23. Qd4+ Kf7 24. Rh7+ Ke6 25. Qe4+ Kd6 26. Qb4+ Kc7 27. Qxa5+ b6 28. Qe5+ Kb7 29. Qg5 Ka6 30. f3 Bb7 31. Qxg6 Re8 32. Qd3+ b5 33. Qxd7 Rab8 34. Rh6+ Ka5 35. Qc7+ Ka4 36. Rh4+ b4 37. Qd7+ Ka3 38. Qd3+ Kxa2 39. Qb3+ Ka1 40. Rh1# 1-0

[Variant "Standard"]
[Site "Europe Echecs"]

[Event "Championnat du monde jeunes U12"]
[Date "2024.11.20"]
[White "Isakov, Amin"]
[Black "Maari Kelly Sosi"]
[WhiteElo "1698"]
[BlackElo "1587"]
[Round "6.60"]
[Result "1-0"]
[TimeControl "5400+30"]

1. d4 d5 2. c4 e6 3. Nf3 Nf6 4. Nc3 Bb4 5. Qc2 Nc6 6. cxd5 exd5 7. Bg5 h6 8. Bxf6 Qxf6 9. e3 Bg4 10. Be2 O-O 11. O-O Bxc3 12. Qxc3 Qd8 13. h3 Bh5 14. b4 a6 15. a4 Rb8 16. Rfc1 Re8 17. b5 axb5 18. axb5 Ne7 19. Qxc7 Qxc7 20. Rxc7 b6 21. Raa7 Nc8 22. Ra6 Nd6 23. Rc6 Nxb5 24. Bxb5 Bxf3 25. gxf3 Re7 26. Rcxb6 Rxb6 27. Rxb6 Kh7 28. Bd3+ g6 29. Rd6 Kg7 30. Rxd5 Kf6 31. Rd6+ Kg7 32. d5 h5 33. Rc6 Kh6 34. d6 Rd7 35. Bb5 Kg5 36. Rc5+ 1-0

[Variant "Standard"]
[Site "Europe Echecs"]

[Event "Championnat du monde jeunes U12"]
[Date "2024.11.20"]
[White "Sobirov, Feruzbek"]
[Black "Zhan, Jayden Zihan"]
[WhiteElo "1487"]
[BlackElo "1670"]
[Round "6.61"]
[Result "1/2-1/2"]
[TimeControl "5400+30"]

1. d4 Nf6 2. Nc3 d5 3. Bf4 Bf5 4. f3 e6 5. g4 Bg6 6. h4 h5 7. g5 Ng8 8. e3 Bd6 9.
Nh3 Ne7 10. Bd3 Bxd3 11. Qxd3 Nbc6 12.
Bxd6 Qxd6 13. Nf4 Nf5 14. O-O-O g6 15.
Nb5 Qd7 16. e4 dxe4 17. fxe4 Nd6 18.
Nxd6+ Qxd6 19. e5 Qb4 20. a3 Qa4 21. Nxe6 fxe6 22. Qxg6+ Kd7 23. Qg7+ Ne7 24. d5 Qf4+ 25. Kb1 Rag8 26. dxe6+ Kxe6 27. Qf6+ Qxf6 28. exf6 Nf5 29. Rhe1+ Kf7 30. Rd7+ Kg6 31. Re6 Rf8 32. f7+ Kg7 33. Rf6 Nxh4 34. Re7 Ng6 35. Ree6 1/2-1/2

[Variant "Standard"]
[Site "Europe Echecs"]

[Event "Championnat du monde jeunes U12"]
[Date "2024.11.20"]
[White "Mamarasulov, Husan"]
[Black "Italiani, Luca"]
[WhiteElo "1407"]
[BlackElo "1634"]
[Round "6.62"]
[Result "1-0"]
[TimeControl "5400+30"]

1. d4 Nf6 2. c4 e6 3. g3 d5 4. Bg2 Nc6 5. Nf3 Bb4+ 6. Bd2 Bxd2+ 7. Nbxd2 O-O 8. O-O Re8 9. Rc1 dxc4 10. Nxc4 h6 11. Nce5 Nxe5 12. dxe5 Qxd1 13. Rfxd1 Nd5 14. e4 Nb4 15. a3 Nc6 16. b4 a6 17. h3 f6 18. exf6 gxf6 19. Nd4 Nxd4 20. Rxd4 e5 21. Rd3 c6 22. f4 Be6 23. f5 Bf7 24. Rcd1 Bc4 25. Rd7 Rab8 26. R1d6 Rf8 27. Bf1 Bb3 28. Rc7 Rf7 29. Rxf7 Kxf7 30. Rd7+ Kg8 31. Kf2 Ba2 32. Ke3 Bb3 33. Kd2 Ba2 34. Kc3 h5 35. Bc4+ Bxc4 36. Kxc4 b5+ 37. Kc5 Rc8 38. Rd6 Kg7 39. Rxc6 Rxc6+ 40. Kxc6 Kh6 41. Kb6 Kg5 42. Kxa6 h4 43. gxh4+ Kxh4 44. Kxb5 Kxh3 45. a4 Kg4 46. a5 Kf4 47. a6 Kxe4 48. a7 Kd3 49. a8=Q e4 50. Qd5+ Ke3 51. Kc4 Kf4 52. Kd4 e3 53. Qe4+ Kg5 54. Qxe3+ Kxf5 55. b5 Kg4 56. b6 f5 57. b7 f4 58. Qxf4+ Kxf4 59. b8=Q+ Kf3 60. Qe5 Kg4 61. Qf6 Kg3 62. Qf5 Kg2 63. Qf4 Kh1 64. Qg4 Kh2 65. Ke3 Kh1 66. Kf2 Kh2 67. Qh4# 1-0

[Variant "Standard"]
[Site "Europe Echecs"]

[Event "Championnat du monde jeunes U12"]
[Date "2024.11.20"]
[White "Pennacchia, Domenico"]
[Black "Mintz, Nathan"]
[WhiteElo "1510"]
[BlackElo "1633"]
[Round "6.63"]
[Result "0-1"]
[TimeControl "5400+30"]

1. e4 c5 2. Nf3 d6 3. Bb5+ Bd7 4. Bxd7+ Nxd7 5. O-O Ngf6 6. Re1 e6 7. c3 Be7 8. d4 cxd4 9. Nxd4 a6 10. Bg5 O-O 11. Nd2 Rc8 12. Qe2 Qc7 13. Rad1 b5 14. N2f3 Rfd8 15. h4 h6 16. Bxf6 Bxf6 17. Nh2 Bxh4 18. Qh5 Bg5 19. Ng4 Nf6 20. Nxf6+ Bxf6 21. Rd3 Qc5 22. Qh3 Qg5 23. Rg3 Qh4 24. Qxh4 Bxh4 25. Rg4 Bf6 26. Nb3 Rc4 27. Na5 Ra4 28. Nc6 Rc8 29. Nb4 a5 30. Nc2 Rxa2 31. Rb1 b4 32. Nd4 Bxd4 33. cxd4 Rc2 34. b3 Rxf2 35. Rf1 Rxf1+ 36. Kxf1 Rd2 0-1

[Variant "Standard"]
[Site "Europe Echecs"]

[Event "Championnat du monde jeunes U12"]
[Date "2024.11.22"]
[White "Radzimski, Antoni"]
[Black "Golis, Wiktor"]
[WhiteElo "2188"]
[BlackElo "2343"]
[Round "7.1"]
[Result "1-0"]
[TimeControl "5400+30"]

1. d4 d5 2. c4 e6 3. Nc3 Nf6 4. Nf3 dxc4 5. e3 a6 6. a4 b6 7. Bxc4 Bb7 8. O-O Bb4 9. Qe2 O-O 10. Bd3 c5 11. dxc5 Bxc5 12. Rd1 Qc7 13. b3 Nc6 14. Bb2 Nb4 15. h3 Nxd3 16. Rxd3 Rfd8 17. Rad1 Rxd3 18. Rxd3 Rc8 19. Rd1 h6 20. Nb1 Ne4 21. Nbd2 Nxd2 22. Nxd2 Qe7 23. Nf3 Rd8 24. Ne5 Rxd1+ 25. Qxd1 Qg5 26. Nf3 Qg6 27. Be5 Bd5 28. Ne1 Qe4 29. Nf3 g5 30. Ba1 h5 31. Qc1 e5 32. b4 g4 33. bxc5 gxf3 34. g3 bxc5 35. Kh2 c4 36. Qb2 f6 37. Qc1 Be6 38. a5 Qf5 39. Qf1 Kf7 40. Bc3 Qc2 41. Qe1 Ke8 42. Bb4 Qf5 43. Qf1 Kd7 44. Bd2 Kc6 45. Bb4 Qc2 46. h4 Qf5 47. Kg1 Qh3 48. Bc3 Qf5 49. Qd1 Qh3 50. Qxf3+ Kd7 51. Qb7+ Ke8 52. Bb4 Bd7 53. Qxa6 Qg4 54. Qxf6 Qe6 55. Qf8# 1-0

[Variant "Standard"]
[Site "Europe Echecs"]

[Event "Championnat du monde jeunes U12"]
[Date "2024.11.22"]
[White "Birmenko, Nikolay"]
[Black "Smirnov, Mark"]
[WhiteElo "2084"]
[BlackElo "2300"]
[Round "7.2"]
[Result "0-1"]
[TimeControl "5400+30"]

1. e4 e5 2. Nf3 Nc6 3. Bc4 Bc5 4. d3 Nf6 5. O-O d6 6. c3 a6 7. a4 Ba7 8. Be3 Bxe3 9.
fxe3 O-O 10. Nbd2 Ne7 11. Nh4 c6 12. Qf3 d5 13. exd5 cxd5 14. Bb3 Be6 15. d4 Qb8 16. Qg3 exd4 17. Qxb8 Raxb8 18. exd4 a5 19. Bc2 Nc8 20. Nf5 g6 21. Ne7+ Nxe7 22. Rxf6 b5 23. Nb3 bxa4 24. Rxa4 Nf5 25. Nxa5 Rxb2 26. Bxf5 gxf5 27. Rh6 Ra8 28. Ra3 Rb1+ 29. Kf2 Rb5 30. Nc4 Rxa3 31. Nxa3 Rb3 32. c4 Rxa3 33. c5 Kg7 34. Rh4 Bd7 35. Rf4 Kg6 36. g3 Bb5 37. Rh4 Bd3 38. Rf4 Be4 39. h4 Rd3 0-1

[Variant "Standard"]
[Site "Europe Echecs"]

[Event "Championnat du monde jeunes U12"]
[Date "2024.11.22"]
[White "Obidjonov, Oriyat"]
[Black "Lacan Rus, David"]
[WhiteElo "2074"]
[BlackElo "2274"]
[Round "7.3"]
[Result "0-1"]
[TimeControl "5400+30"]

1. e4 c5 2. Nf3 Nc6 3. Bb5 e6 4. O-O Nge7 5. Re1 Nd4 6. Nxd4 cxd4 7. c3 a6 8. Be2 Nc6 9. d3 Bc5 10. Nd2 O-O 11. a3 d5 12. Bf3 Ba7 13. exd5 exd5 14. c4 Be6 15. cxd5 Bxd5 16. Bxd5 Qxd5 17. Ne4 f5 18. Ng3 f4 19. Nh5 Bb8 20. Qg4 Qf7 21. Bd2 Ne5 22. Qh4 Qg6 23. Kh1 Nxd3 24. Bb4 Nxe1 25. Rxe1 Bd6 26. Bxd6 Qxd6 27. Qg5 Qg6 28. Qd5+ Kh8 29. h3 Rf5 30. Qxb7 Rg8 31. Re7 Qxh5 32. Qd7 Rd5 0-1

[Variant "Standard"]
[Site "Europe Echecs"]

[Event "Championnat du monde jeunes U12"]
[Date "2024.11.22"]
[White "Negrean, Andrei"]
[Black "Gao, Heye"]
[WhiteElo "2255"]
[BlackElo "1933"]
[Round "7.4"]
[Result "1-0"]
[TimeControl "5400+30"]

1. d4 d5 2. c4 c6 3. Nf3 Nf6 4. Nc3 e6 5. Bg5 Nbd7 6. cxd5 exd5 7. e3 Bd6 8. Bd3 h6 9. Bh4 O-O 10. O-O Re8 11. Rb1 a5 12. a3 Qc7 13. Qc2 b6 14. Rfc1 Qb8 15. e4 Bf4 16. Re1 g5 17. Bg3 Bxg3 18. hxg3 Ba6 19. Bxa6 Rxa6 20. e5 Nh7 21. e6 Ndf8 22. exf7+ Kxf7 23. Ne5+ Kg7 24. Nxc6 Qc8 25. Nxd5 b5 26. Nde7 Qd7 27. d5 Nf6 28. Nf5+ Kh8 29. Rxe8 Qxe8 30. Qc3 Nd7 31. Re1 Qf8 32. Nce7 1-0

[Variant "Standard"]
[Site "Europe Echecs"]

[Event "Championnat du monde jeunes U12"]
[Date "2024.11.22"]
[White "Sahbudak, Baris Cinar"]
[Black "Fulgentini, Edoardo"]
[WhiteElo "2264"]
[BlackElo "2075"]
[Round "7.5"]
[Result "1-0"]
[TimeControl "5400+30"]

1. e4 c5 2. Nf3 Nc6 3. Bb5 e6 4. O-O Nge7 5. c3 a6 6. Ba4 b5 7. Bc2 Bb7 8. d4 cxd4 9. Nxd4 Ng6 10. Be3 Be7 11. Nd2 O-O 12. Nxc6 Bxc6 13. f4 Qc7 14. Rc1 Qb7 15. g3 Rfd8 16. Qg4 Bf6 17. h4 b4 18. h5 bxc3 19. bxc3 Nf8 20. e5 Be7 21. f5 exf5 22. Bxf5 Qb5 23. Kh2 g6 24. Bd4 Qd5 25. Rf2 Ne6 26. Be4 Qxa2 27. hxg6 fxg6 28. Bxg6 hxg6 29. Qxg6+ Ng7 30. e6 Bf8 31. Rxf8+ 1-0

[Variant "Standard"]
[Site "Europe Echecs"]

[Event "Championnat du monde jeunes U12"]
[Date "2024.11.22"]
[White "Luger, Sam"]
[Black "Torres Rebolledo, Alvaro"]
[WhiteElo "2094"]
[BlackElo "2216"]
[Round "7.6"]
[Result "1/2-1/2"]
[TimeControl "5400+30"]

1. d4 Nf6 2. c4 e6 3. g3 c5 4. d5 exd5 5. cxd5 d6 6. Nc3 g6 7. Bg2 Bg7 8. Nf3 O-O 9. O-O Re8 10. Bf4 h6 11. Qc1 g5 12. Bd2 Bf5 13. h4 g4 14. Ne1 Kh7 15. Nc2 Nbd7 16. Ne3 Bg6 17. Nc4 Ne5 18. Nxe5 Rxe5 19. Re1 a6 20. a4 Rb8 21. a5 Re8 22. Nd1 Nd7 23. Ne3 Ne5 24. Nc4 Nxc4 25. Qxc4 h5 26. Bc3 Bxc3 27. bxc3 Re5 28. e3 Qe7 29. Ra4 Kg7 30. Qb3 Qc7 31. Rea1 Ree8 32. R4a2 c4 33. Qa4 Qc5 34. Rb2 Rec8 35. Rb6 Rc7 36. Ra2 Bf5 37. Rab2 Bd7 38. Qa2 Bb5 39. Qb1 Re8 40. Rb4 Re5 41. Kh2 Rce7 42. Qc2 Qc7 43. Rb1 Qd7 44. Rb4 Kg8 45. Kg1 Kg7 46. Kh2 Kg8 47. Kg1 Kg7 1/2-1/2

[Variant "Standard"]
[Site "Europe Echecs"]

[Event "Championnat du monde jeunes U12"]
[Date "2024.11.22"]
[White "Baturin-Vinogradov, Miroslav"]
[Black "Liu, Patrick"]
[WhiteElo "2048"]
[BlackElo "2192"]
[Round "7.7"]
[Result "0-1"]
[TimeControl "5400+30"]

1. d4 d5 2. c4 c6 3. Nf3 Nf6 4. e3 e6 5. Bd3 Nbd7 6. b3 Bd6 7. Bb2 O-O 8. O-O Re8 9. Nbd2 e5 10. dxe5 Nxe5 11. Nxe5 Bxe5 12. Bxe5 Rxe5 13. Qc2 Bg4 14. Rfe1 dxc4 15. Bxc4 b5 16. Be2 Bxe2 17. Rxe2 Rc8 18. Nf3 Re7 19. Rd1 Rd7 20. Red2 Rxd2 21. Rxd2 Qc7 22. Nd4 g6 23. g3 a6 24. b4 c5 25. bxc5 Qxc5 26. Qxc5 Rxc5 27.
Nb3 Rc6 28. Rd8+ Kg7 29. Ra8 Ne4 30. Nd4 Rf6 31. f4 Nc3 32. a3 Nb1 33. Nc2 Rc6 34. Nd4 Rd6 35. a4 bxa4 36. Rb8 Nc3 37. Rc8 Nd1 38. Rc4 a3 39. Nc2 a2 40. Rd4 Nxe3 0-1

[Variant "Standard"]
[Site "Europe Echecs"]

[Event "Championnat du monde jeunes U12"]
[Date "2024.11.22"]
[White "Diachek, Andrii"]
[Black "Mamikonyan, Artem T"]
[WhiteElo "2162"]
[BlackElo "1918"]
[Round "7.8"]
[Result "1/2-1/2"]
[TimeControl "5400+30"]

1. e4 c6 2. d4 d5 3. f3 Qb6 4. Nc3 dxe4 5. fxe4 e5 6. Nf3 exd4 7. Qxd4 Qxd4 8. Nxd4 Bc5 9. Nb3 Bb4 10. Bf4 Nf6 11. O-O-O O-O 12. Bd6 Bxd6 13. Rxd6 Nbd7 14. Be2 Re8 15. Bf3 Ne5 16. h3 Be6 17. Nc5 b6 18. Nxe6 Rxe6 19. Rxe6 fxe6 20. Rd1 Kf7 21. Be2 Ke7 22. Kd2 1/2-1/2

[Variant "Standard"]
[Site "Europe Echecs"]

[Event "Championnat du monde jeunes U12"]
[Date "2024.11.22"]
[White "Wijerathna, Vinuka Dihain"]
[Black "Ambartsumian, Tyhran"]
[WhiteElo "2004"]
[BlackElo "2123"]
[Round "7.9"]
[Result "1/2-1/2"]
[TimeControl "5400+30"]

1. e4 e5 2. Nf3 Nc6 3. Bb5 a6 4. Ba4 Nf6 5. d3 b5 6. Bb3 Be7 7. a4 b4 8. a5 O-O 9. O-O d6 10. Nbd2 Be6 11. Nc4 Qc8 12. Re1 Rb8 13. c3 Qb7 14. Bc2 b3 15. Bb1 Nxe4 16. Rxe4 d5 17. Re1 dxc4 18. dxc4 Bxc4 19. Nxe5 Nxe5 20. Rxe5 Bf6 21. Re3 Rfe8 22. Qg4 Be6 23. Qe4 Qxe4 24. Bxe4 Bc4 25. Bf3 Bd3 26. Rxe8+ Rxe8 27. Bd2 h6 28. g3 Bc2 29. h4 Rd8 30. Be1 c5 31. Be2 Rd6 32. Kf1 Bf5 33. Rd1 Rxd1 34. Bxd1 Bh3+ 35. Ke2 Bg4+ 36. f3 Be6 37. Bf2 Be7 38. Kd2 c4 39. f4 Bd5 40. Bg4 Bc6 41. Bc8 Bb5 42. Bb7 Bd6 43. Bd5 Kf8 44. h5 g6 45. hxg6 fxg6 46. Be3 h5 47. Ke2 Be7 48. Bd4 g5 49. f5 Bd6 50. f6 h4 51. g4 h3 52. Be3 Bd7 53. Bxg5 Bxg4+ 54. Kf2 Bh5 55.
Bxc4 Bf7 56. Bf1 Be6 57. Bh4 Bf5 58. Bg3 Bc5+ 59. Ke1 Kf7 60. Bxa6 Ba3 61. Bc4+ Kxf6 62. Bxb3 Bxb2 63. Kd2 Be4 64.
Bd6 Ba3 65. Bh2 Ke7 66. Ke3 Bc6 67. Kf2 Bc5+ 68. Kg3 1/2-1/2

[Variant "Standard"]
[Site "Europe Echecs"]

[Event "Championnat du monde jeunes U12"]
[Date "2024.11.22"]
[White "Aansh Nandan Nerurkar"]
[Black "Elhusseiny, Eyad"]
[WhiteElo "2247"]
[BlackElo "2017"]
[Round "7.10"]
[Result "1-0"]
[TimeControl "5400+30"]

1. e4 c5 2. Nc3 Nc6 3. Bb5 Nd4 4. Nf3 a6 5. Bd3 g6 6. Nxd4 cxd4 7. Ne2 Bg7 8. O-O d5 9. exd5 Qxd5 10. b3 Nh6 11. Ba3 Nf5 12. Re1 Qa5 13. Bb2 Qc5 14. Ng3 Nxg3 15. hxg3 O-O 16. Qf3 e5 17. a4 Qc7 18. Ba3 Re8 19. g4 Be6 20. g5 Rad8 21. Qg3 Bd5 22. f3 Qc6 23. Qh4 f6 24. gxf6 Bxf6 25. Qg4 Be6 26. Qg3 Bd5 27. Re2 e4 28. fxe4 Bxe4 29. Rae1 Bxd3 30. Qxd3 Rxe2 31. Rxe2 Rc8 32. Qh3 Re8 33. Qf3 Rxe2 34. Qxe2 Kg7 35. Qd3 Qe6 36. Kf1 Qg4 37. Bd6 Qh5 38. Qe2 Qf5+ 39. Ke1 Qd5 40. Be7 Qe5 41. Qxe5 Bxe5 42. Ke2 Kf7 43. Bc5 Ke6 44. Kd3 Kd5 45. Be7 h5 46. Bh4 Bg7 47. c4+ dxc3 48. dxc3 Bh8 49. c4+ Ke5 50. b4 Bg7 51. Bf2 Bf8 52. b5 axb5 53. cxb5 Bb4
54. Kc4 Ba5 55. b6 Ke6 56. Kb5 Bc3 57. a5 Be5 58. a6 bxa6+ 59. Kxa6 Kd7 60.
b7 Bb8 61. Kb6 g5 62. Be3 g4 63. Bg5 Bg3 64. Ka7 Ke6 65. Bh4 Be5 66. b8=Q
Bxb8+ 67. Kxb8 g3 68.
Bxg3 Kf5 69. Bh4 Kg4 70. g3 Kf3 71. Kc7 Ke4 72. Kd6 Kd4 73. Ke6 Ke4 74. Kf6 Kf3 75. Kg6 Kg4 76. Kh6 1-0

[Variant "Standard"]
[Site "Europe Echecs"]

[Event "Championnat du monde jeunes U12"]
[Date "2024.11.22"]
[White "Tatvidze, Davit"]
[Black "Guo, Ethan"]
[WhiteElo "2024"]
[BlackElo "2157"]
[Round "7.11"]
[Result "1/2-1/2"]
[TimeControl "5400+30"]

1. c4 Nf6 2. Nf3 c5 3. Nc3 e6 4. d4 cxd4 5. Nxd4 Bb4 6. g3 O-O 7. Bg2 d5 8. Qb3 Bxc3+ 9. bxc3 e5 10. Nc2 dxc4 11. Qxc4 Nc6 12. O-O Be6 13. Qb5 Qc7 14. Nb4 Na5 15. Bg5 a6 16. Qa4 Nd7 17. Nd5 Bxd5 18. Bxd5 h6 19. Be7 Nc5 20. Bxc5 Qxc5 21. c4 Rac8 22. Rab1 Rc7 23. Qb4 Nxc4 24. Qxc5 Rxc5 25. Bxb7 Ra5 26. Rfc1 Nd6 27. Bf3 Rxa2 28. Ra1 Rxa1 29. Rxa1 e4 30. Bg2 Rb8 31. e3 Rb6 32. Bf1 Nb5 33. Rc1 g6 34. g4 Kg7 35. Kg2 f5 36. gxf5 gxf5 37. Kg3 Kf6 38. Kf4 Nd6 39. Ra1 Rb2 40. Kg3 h5 41. Rxa6 Ke5 42. h4 Rd2 43. Ra5+ Kf6 1/2-1/2

[Variant "Standard"]
[Site "Europe Echecs"]

[Event "Championnat du monde jeunes U12"]
[Date "2024.11.22"]
[White "Shilon Rahav, Eliran"]
[Black "Stepanyan, Davit"]
[WhiteElo "2150"]
[BlackElo "2011"]
[Round "7.12"]
[Result "0-1"]
[TimeControl "5400+30"]

1. e4 c5 2. Nf3 Nc6 3. Bb5 g6 4. Bxc6 dxc6 5. d3 Bg7 6. Nc3 c4 7. d4 b5 8. Be3 Nf6 9. Ne5 Bb7 10. Qf3 O-O 11. O-O-O Qa5 12. a3 Rad8 13. h4 c5 14. dxc5 Rxd1+ 15. Rxd1 Nxe4 16. Nxe4 Bxe5 17. Nf6+ exf6 18. Qxb7 Rb8 19. Qe7 c3 20. c6 cxb2+ 21. Kb1 Kg7 22. f4 Re8 23. Qc5 Bb8 24. Kxb2 Re4 25. Bd2 Qd8 26. Qxb5 Bxf4 27. Qd3 Rd4 28. c7 Qxc7 29. Qxd4 Be5 30. Bc3 Bxd4 31. Rxd4 Qb7+ 32. Rb4 Qxg2 33. Bd4 a5 34. Rb6 Qd5 35. Bxf6+ Kh6 36. Bc3 f5 37. a4 Qc4 38. Rb7 Qxa4 39.
Bd2+ f4 40. Rf7 Qd4+ 41. Bc3 Qb6+ 42.
Kc1 a4 43. Rxf4 a3 44. Ra4 Qg1+ 45. Kd2 Kh5 46. Rxa3 Kxh4 47. Ra4+ Kh5 48. Bd4 Qg2+ 49. Kc1 g5 50. Be3 g4 51. Ra7 Qe4 52. Kd2 Kh4 53. Rd7 h5 54. Rd4 Qg2+ 55. Kd1 Kh3 56. c3 g3 57. Bg5 Qf1+ 58. Kd2 Qf2+ 59. Kd3 g2 60. Be3 Qxe3+ 61. Kxe3 g1=Q+ 62. Ke4 h4 63. c4 Kg3 64. c5 h3 65. Rd3+ Kg4 66. Rxh3 Kxh3 67. Kd5 Qg5+ 68. Kd6 Qd8+ 69. Kc6 Qc8+ 70. Kb6 Kg4 0-1

[Variant "Standard"]
[Site "Europe Echecs"]